 Dungeon Crawl Stone Soup version 0.22-a0-284-g99d1f74 (webtiles) character file.

226 erloom the Poker (level 6, -6/48 HPs)
             Began as a Merfolk Skald on Mar 22, 2018.
             Killed by nerve-wracking pain
             ... invoked by an orc priest
              (13 damage)
             ... on level 3 of the Dungeon.
             The game lasted 00:08:28 (3721 turns).

erloom the Poker (Merfolk Skald)                    Turns: 3721, Time: 00:08:29

Health: -6/48      AC:  6    Str: 11    XL:     6   Next: 1%
Magic:  7/10       EV: 11    Int: 12    God:
Gold:   105        SH:  4    Dex: 18    Spells: 6/11 levels left

rFire    . . .     SeeInvis .   a - +0 spear
rCold    . . .     Gourm    .   f - +0 buckler
rNeg     . . .     Faith    .   o - +0 ring mail
rPois    .         Spirit   .   e - +0 helmet
rElec    .         Reflect  .   (no cloak)
rCorr    .         Harm     .   (no gloves)
MR       .....                  (no boots)
Stlth    +.........             (no amulet)
HPRegen  0.16/turn              k - +2 ring of dexterity
MPRegen  0.12/turn              (no ring)

@: infused (expiring)
A: change form in water, swift swim, stealthy swim
a: no special abilities


You were on level 3 of the Dungeon.
You were not hungry.

You visited 1 branch of the dungeon, and saw 3 of its levels.

You collected 105 gold pieces.

Inventory:

Hand Weapons
 a - a +0 spear (weapon)
Armour
 b - a +0 leather armour
 e - a +0 helmet (worn)
 f - a +0 buckler (worn)
 g - a +0 scale mail
 n - a +0 chain mail
 o - a +0 ring mail (worn)
Jewellery
 k - a +2 ring of dexterity (left hand)
Wands
 m - a wand of flame (22)
Scrolls
 i - a scroll of fog {unknown}
 p - a scroll of teleportation {unknown}
Potions
 c - a potion of curing
 h - a potion of invisibility
 l - a potion of heal wounds {unknown}
Comestibles
 d - 6 rations
 j - 7 chunks of flesh


   Skills:
 + Level 3.8 Fighting
 + Level 5.0 Polearms
 - Level 0.6 Armour
 - Level 2.6 Dodging
 + Level 3.2 Spellcasting
 + Level 4.5 Charms


You had 6 spell levels left.
You knew the following spells:

 Your Spells              Type           Power        Failure   Level  Hunger
a - Infusion              Chrm           ##..         16%         1    #......
b - Song of Slaying       Chrm           ##......     22%         2    ###....
c - Shroud of Golubria    Chrm/Tloc      #.........   52%         2    ###....


Dungeon Overview and Level Annotations

Branches:
Dungeon (3/15)

Altars:


Message History

The orc priest is moderately wounded.
Your magical infusion is running out.
You block the orc's attack.
The orc priest hits you with a short sword.
You closely miss the orc priest.
The orc priest is moderately wounded.
The orc closely misses you.
The orc priest hits you with a short sword.
You hit the orc priest.
The orc priest is heavily wounded.
The orc hits you from afar with a spear.
The orc priest invokes the aid of Beogh against you.
Beogh smites you!
* * * LOW HITPOINT WARNING * * *
You hit the orc priest.
The orc priest is severely wounded.
You block the orc's attack.
The orc priest mumbles some strange prayers to Beogh against you.
Pain shoots through your body!
You die...

..# #.##'###.#
..##########........#
..#.......##........#
..#.......##........#
..#.......##........###
..#.......##..........
..........''........#
..........##........#
..........##....@.o.#
.......>..####.o###.#
...)......# #..# #
...######## #..# .#
...# #..###.###.. ...#
#.......o... ..
#........... ..
#.....%..... ..
#......)....


You could see an orc priest and an orc.

Vanquished Creatures
  A sky beast (D:3)
  A worker ant (D:3)
  4 adders
  An ooze (D:1)
  A dart slug (D:1)
  A leopard gecko (D:2)
  7 orcs (D:3)
  7 bats
  2 goblins
  7 hobgoblins
  14 jackals
  A quokka (D:3)
  A ball python (D:3)
  2 frilled lizards
  2 kobolds
  5 rats
57 creatures vanquished.

Notes
Turn   | Place    | Note
-------+----------+-------------------------------------------
     0 | D:1      | erloom the Merfolk Skald began the quest for the Orb.
     0 | D:1      | Reached XP level 1. HP: 16/16 MP: 3/3
   430 | D:1      | Reached XP level 2. HP: 16/23 MP: 5/5
  1181 | D:1      | Reached XP level 3. HP: 18/28 MP: 6/6
  2170 | D:2      | Reached skill level 4 in Polearms
  2170 | D:2      | Reached XP level 4. HP: 32/35 MP: 7/7
  3016 | D:3      | Noticed a sky beast
  3049 | D:3      | Killed a sky beast
  3049 | D:3      | Reached XP level 5. HP: 8/41 MP: 9/9
  3058 | D:3      | Learned a level 2 spell: Song of Slaying
  3062 | D:3      | Learned a level 2 spell: Shroud of Golubria
  3495 | D:3      | Reached skill level 5 in Polearms
  3565 | D:3      | Reached XP level 6. HP: 48/48 MP: 6/10
  3721 | D:3      | Killed from afar by an orc priest

Vault maps used:
D:1:      minmay_arrival_floating_metal
D:2:      first_ration, st_stairs_12, minmay_pentomino_s2

Skill      XL: |  1  2  3  4  5 |
---------------+----------------+-----
Fighting       | 3 |  3.8
Polearms       | 4 5 |  5.0
Spellcasting   | 3 |  3.2
Charms         | 4 |  4.5
Armour         | |  0.6
Dodging        | |  2.6

Action                   |  1- 3 |  4- 6 || total
-------------------------+-------+-------++-------
Melee: Spear             |   190 |   166 ||   356
 Cast: Infusion          |       |     3 ||     3
  Use: Scroll            |     4 |       ||     4
       Potion            |       |     1 ||     1
 Stab: Sleeping          |     1 |       ||     1
  Eat: Chunk             |     4 |     5 ||     9
Armor: Leather armour    |    31 |       ||    31
       Scale mail        |    11 |    27 ||    38
       Ring mail         |       |    23 ||    23
Dodge: Dodged            |    80 |    53 ||   133
Block: Buckler           |    22 |    30 ||    52

Table legend:
 A = Spawn XP
 B = Non-spawn XP
 C = Spawn XP percentage of total XP
 D = Spawn monster count
 E = Non-spawn monster count
 F = Spawn count percentage of total count
 G = Total turns spent on level
                    A         B        C        D         E        F      G
               +---------+---------+-------+---------+---------+-------+---------
         Total |       0 |     324 |   0.0 |       0 |      57 |   0.0 |  3721
               +---------+---------+-------+---------+---------+-------+---------
           D:1 |       0 |      44 |   0.0 |       0 |      19 |   0.0 |  1419
           D:2 |       0 |      70 |   0.0 |       0 |      21 |   0.0 |  1460
           D:3 |       0 |     210 |   0.0 |       0 |      17 |   0.0 |   842
               +---------+---------+-------+---------+---------+-------+---------
